 Dungeon Crawl Stone Soup version 0.28.0-45-g0d030f2227 (webtiles) character file.

Game seed: 17054345377919215662

348 MalarOregon the Magician (level 6, -1/49 HPs)
             Began as a Palentonga Hedge Wizard on Apr 23, 2022.
             Slain by an iguana (5 damage)
             ... on level 3 of the Dungeon.
             The game lasted 00:13:14 (6236 turns).

MalarOregon the Magician (Palentonga Hedge Wizard)  Turns: 6236, Time: 00:13:15

Health: -1/49      AC:  5    Str: 13    XL:     6   Next: 33%
Magic:  6/12       EV:  9    Int: 17    God:
Gold:   57         SH:  0    Dex:  9    Spells: 5/13 levels left

rFire   + . .      SeeInvis +   a - +2 short sword (speed)
rCold   . . .      Faith    .   (no shield)
rNeg    . . .      Spirit   .   k - +0 leather armour {rF+}
rPois   .          Reflect  .   c - +0 hat
rElec   .          Harm     .   (no cloak)
rCorr   .          Rampage  .   h - +0 pair of gloves
Will    .....                   (no barding)
Stlth   +.........              (no amulet)
HPRegen 0.16/turn               (no ring)
MPRegen 0.13/turn               (no ring)

@: very slow
A: large, rugged brown scales 3, see invisible, deformed body, roll 1, armoured
tail
a: Rolling Charge


You were on level 3 of the Dungeon.
You visited 1 branch of the dungeon, and saw 4 of its levels.

You collected 57 gold pieces.


Innate Abilities, Weirdness & Mutations

You are completely covered in rugged brown scales. (AC +3, +7% HP)
You have supernaturally acute eyesight. (SInv)
Armour fits poorly on your strangely shaped body.
You can roll at nearby foes to attack.
You have a long armoured tail.


   Skills:
 * Level 2.9 Fighting
 + Level 1.3 Armour
 + Level 2.2 Dodging
 - Level 1.2 Stealth
 * Level 4.1 Spellcasting
 + Level 2.1 Conjurations
 + Level 1.7 Summonings
 + Level 2.1 Translocations


You had 5 spell levels left.
You knew the following spells:

 Your Spells              Type           Power      Damage    Failure   Level
a - Magic Dart            Conj           40%        1d5       9%          1
b - Blink                 Tloc           20%        N/A       12%         2
f - Mephitic Cloud        Conj/Pois/Air  5%         N/A       41%         3
x - Call Imp              Summ           9%         N/A       14%         2

Your spell library contained the following spells:

 Spells                   Type           Power      Damage    Failure   Level
 Slow                     Hex            12%        N/A       21%         1
 Conjure Flame            Conj/Fire      7%         6-21      36%         3

Inventory:

Hand Weapons
 a - a +2 short sword of speed (weapon)
   (You took it off a kobold on level 3 of the Dungeon)
Armour
 c - a +0 hat (worn)
 h - a +0 pair of gloves (worn)
   (You found it on level 2 of the Dungeon)
 k - a +0 leather armour of fire resistance (worn)
   (You took it off an orc on level 3 of the Dungeon)
Scrolls
 b - 4 scrolls of identify {@r1}
 d - a scroll of vulnerability {unknown}
 e - a scroll of teleportation {@r4}
 g - a scroll of enchant weapon
 j - a scroll of fear {unknown}
Potions
 f - a potion of brilliance
 i - a potion of flight

Dungeon Overview and Level Annotations

Branches:
Dungeon (4/15)
 Temple: D:4-7

Altars:

...# #.#[#.#.................[.#
...###.#....>#.#....#.#.######.#
.......#.#.#.#......#.#.# #.#
...#####.#.#.#......#.#.# #.#
...# #.#.#>#......#.#.# #.# ...#
#.#.#..........#.# ###.# ...#
#.#.#####≈≈≈≈###.# ##P≈P# ...#
#.#......P≈≈.....# #.≈≈P# ...#
#.######l@≈P≈.≈#####.≈≈.# #'##
#.####...≈≈≈≈P≈....#≈≈♣≈# #.#
#......#.#≈≈♣≈≈##.##.≈P≈##
#.#############.#≈≈≈≈≈.#.#P≈≈≈≈.#
#...............#.≈P≈≈≈#≈≈.≈♣P≈.#
######.#.....####.P≈♣≈≈≈≈≈≈♣♣P≈.#
..........#.#####..≈≈♣≈≈≈≈≈≈≈≈..#
######....#........≈≈≈♣♣≈♣≈≈≈.[.#
.....#....##########≈≈≈≈♣≈≈≈≈..##


You could see an iguana.


Message History

Aiming: Magic Dart (safe; 9% risk of failure)
Press: ? - help, Shift-Dir - straight line, f - iguana
Aim: an iguana (100% to hit)
You miscast Magic Dart.
You are very lightly contaminated with residual magic.
Nothing appears to happen.
Casting: Magic Dart (safe; 9% risk of failure)
Confirm with . or Enter, or press ? or * to list all spells.
Aiming: Magic Dart (safe; 9% risk of failure)
Press: ? - help, Shift-Dir - straight line, f/p - iguana
Aim: an iguana (100% to hit)
The magic dart hits the iguana.
Casting: Magic Dart (safe; 9% risk of failure)
Confirm with . or Enter, or press ? or * to list all spells.
Aiming: Magic Dart (safe; 9% risk of failure)
Press: ? - help, Shift-Dir - straight line, f/p - iguana
Aim: an iguana (moderately wounded, 100% to hit)
The magic dart hits the iguana but does no damage.
Casting: Magic Dart (safe; 9% risk of failure)
Confirm with . or Enter, or press ? or * to list all spells.
Aiming: Magic Dart (safe; 9% risk of failure)
Press: ? - help, Shift-Dir - straight line, f/p - iguana
Aim: an iguana (moderately wounded, 100% to hit)
The magic dart hits the iguana.
The iguana bites you!
Casting: Magic Dart (safe; 9% risk of failure)
Confirm with . or Enter, or press ? or * to list all spells.
Aiming: Magic Dart (safe; 9% risk of failure)
Press: ? - help, Shift-Dir - straight line, f/p - iguana
Aim: an iguana (moderately wounded, 100% to hit)
The magic dart hits the iguana but does no damage.
The iguana bites you but does no damage.
Casting: Magic Dart (safe; 9% risk of failure)
Confirm with . or Enter, or press ? or * to list all spells.
Aiming: Magic Dart (safe; 9% risk of failure)
Press: ? - help, Shift-Dir - straight line, f/p - iguana
Aim: an iguana (moderately wounded, 100% to hit)
The magic dart hits the iguana.
The iguana barely misses you.
Casting: Magic Dart (safe; 9% risk of failure)
Confirm with . or Enter, or press ? or * to list all spells.
Aiming: Magic Dart (safe; 9% risk of failure)
Press: ? - help, Shift-Dir - straight line, f/p - iguana
Aim: an iguana (moderately wounded, 100% to hit)
The magic dart hits the iguana but does no damage.
The iguana bites you!
Your magical contamination has completely faded away.
Casting: Magic Dart (safe; 9% risk of failure)
Confirm with . or Enter, or press ? or * to list all spells.
Aiming: Magic Dart (safe; 9% risk of failure)
Press: ? - help, Shift-Dir - straight line, f/p - iguana
Aim: an iguana (moderately wounded, 100% to hit)
The magic dart hits the iguana but does no damage.
The iguana barely misses you.
Casting: Magic Dart (safe; 9% risk of failure)
Confirm with . or Enter, or press ? or * to list all spells.
Aiming: Magic Dart (safe; 9% risk of failure)
Press: ? - help, Shift-Dir - straight line, f/p - iguana
Aim: an iguana (moderately wounded, 100% to hit)
The magic dart hits the iguana but does no damage.
The iguana barely misses you.
Casting: Magic Dart (safe; 9% risk of failure)
Confirm with . or Enter, or press ? or * to list all spells.
Aiming: Magic Dart (safe; 9% risk of failure)
Press: ? - help, Shift-Dir - straight line, f/p - iguana
Aim: an iguana (moderately wounded, 100% to hit)
The magic dart hits the iguana but does no damage.
The iguana bites you.
* * * LOW HITPOINT WARNING * * *
Casting: Magic Dart (safe; 9% risk of failure)
Confirm with . or Enter, or press ? or * to list all spells.
You miscast Call Imp.
You are very lightly contaminated with residual magic.
Nothing appears to happen.
The iguana bites you.
* * * LOW HITPOINT WARNING * * *
An endoplasm comes into view.
The iguana bites you.
* * * LOW HITPOINT WARNING * * *
The endoplasm moves out of view.
There is an open door here.
You see here an adder corpse.
The iguana bites you!
* * * LOW HITPOINT WARNING * * *
Press: ? - help, v - describe, . - travel
Here: an iguana (moderately wounded)
The floor.
Your magical contamination has completely faded away.
Press: ? - help, v - describe, . - travel
Here: an iguana (moderately wounded)
The floor.
There is a stone staircase leading up here.
The iguana bites you!
* * * LOW HITPOINT WARNING * * *
You climb upwards.
There is a stone staircase leading down here.
Press: ? - help, v - describe, . - travel
Here: an iguana (moderately wounded)
The floor.
You enter the shallow water.
Moving in this stuff is going to be slow.
The iguana bites you.
You die...

Skill      XL: |  1  2  3  4  5 |
---------------+----------------+-----
Conjurations   | 1 2 |  2.1
Summonings     | 1 |  1.7
Fighting       | 1 2 |  2.9
Armour         | 1 |  1.3
Dodging        | 2 |  2.2
Spellcasting   | 4 |  4.1
Translocations | 2 |  2.1
Stealth        | |  1.2

Action                   |  1- 3 |  4- 6 || total
-------------------------+-------+-------++-------
Melee: Dagger            |    66 |    56 ||   122
       Tailslap          |     6 |     8 ||    14
       Punch             |     2 |       ||     2
       Short sword       |       |     1 ||     1
 Cast: Magic Dart        |    93 |   151 ||   244
       Call Imp          |     1 |     4 ||     5
       Mephitic Cloud    |       |     1 ||     1
 Abil: Rolling Charge    |     1 |     2 ||     3
  Use: Scroll            |     5 |     2 ||     7
       Potion            |       |     2 ||     2
 Stab: Distracted        |     1 |       ||     1
       Sleeping          |       |     1 ||     1
Armor: Robe              |    44 |     3 ||    47
       Leather armour    |       |    35 ||    35
Dodge: Dodged            |    45 |    64 ||   109

Levels and vault maps discovered:
D:1:      psy_arrival_conway, layout_rooms
D:2:      minmay_recursive_quarters, layout_loops_ring,
          corexii_item_surrounded_by_moat, minmay_misc_feat_square, uniq_jessica
D:3:      layout_basic, basic_ecumenical_altar, serial_bayou_lagoon_a,
          minmay_cut_off, uniq_natasha
D:4:      minmay_bubble_buster, layout_cave_pools,
          gammafunk_ghost_nasty_kobolds, minmay_small_thing

Notes
Turn   | Place    | Note
-------+----------+-------------------------------------------
     0 | D:1      | MalarOregon the Palentonga Hedge Wizard began the quest for
                  | the Orb.
     0 | D:1      | Reached XP level 1. HP: 13/13 MP: 4/4
   116 | D:1      | Reached skill level 1 in Conjurations
   271 | D:1      | Reached XP level 2. HP: 21/21 MP: 0/6
   815 | D:1      | Learned a level 2 spell: Blink
   818 | D:1      | Learned a level 2 spell: Call Imp
   935 | D:1      | Reached skill level 1 in Summonings
   982 | D:1      | Reached skill level 1 in Fighting
  1411 | D:2      | Reached XP level 3. HP: 27/27 MP: 4/7
  1588 | D:2      | HP: 6/27 [poisoned by an adder]
  2271 | D:2      | Reached XP level 4. HP: 33/34 MP: 3/9
  2525 | D:2      | Noticed Jessica
  2531 | D:2      | Killed Jessica
  2642 | D:2      | Learned a level 3 spell: Mephitic Cloud
  3045 | D:3      | Found a faded altar of an unknown god.
  3095 | D:3      | Reached skill level 2 in Fighting
  3488 | D:3      | Reached XP level 5. HP: 21/40 MP: 5/10
  3489 | D:3      | HP: 8/40 [orc priest/divine providence (13)]
  3506 | D:3      | Reached skill level 1 in Armour
  3510 | D:3      | HP: 10/40 [hobgoblin (1)]
  3846 | D:3      | Noticed Natasha
  3856 | D:3      | Killed Natasha
  3857 | D:3      | Reached skill level 2 in Dodging
  4922 | D:3      | Noticed Natasha
  4935 | D:3      | Killed Natasha
  4936 | D:3      | Reached skill level 4 in Spellcasting
  4936 | D:3      | Reached skill level 2 in Conjurations
  5173 | D:3      | Found a faded altar of an unknown god.
  5227 | D:3      | Noticed Natasha
  5234 | D:3      | Killed Natasha
  5235 | D:3      | Reached skill level 2 in Translocations
  5235 | D:3      | Reached XP level 6. HP: 49/49 MP: 5/12
  6207 | D:4      | HP: 9/49 [iguana (10)]
  6223 | D:4      | HP: 2/49 [iguana (10)]
  6236 | D:3      | Slain by an iguana

Vanquished Creatures
  A scorpion (D:4)
  An orc priest (D:3)
  Jessica (D:2)
  Natasha (thrice) (D:3)
  7 adders
  2 dart slugs
  5 orcs (D:3)
  10 bats
  10 endoplasms
  4 giant cockroaches
  5 goblins
  7 hobgoblins
  4 jackals
  6 kobolds
  3 quokkas
  7 ball pythons
  A frilled lizard (D:2)
  5 rats
82 creatures vanquished.

Vanquished Creatures (collateral kills)
  A worm (D:2)
  An orc (D:2)
  A kobold (D:3)
3 creatures vanquished.

Vanquished Creatures (others)
  46 plants (D:3)
46 creatures vanquished.

Grand Total: 131 creatures vanquished

Table legend:
 A = Non-vault XP
 B = Vault XP
 C = Vault XP percentage of total XP
 D = Non-vault monster count
 E = Vault monster count
 F = Vault count percentage of total count
                 A         B        C        D         E       F
            +---------+---------+-------+---------+---------+-------
      Total |     334 |     164 |  32.9 |      66 |      19 |  22.4
            +---------+---------+-------+---------+---------+-------
        D:1 |      31 |       0 |   0.0 |      17 |       0 |   0.0
        D:2 |      71 |      70 |  49.6 |      24 |      13 |  35.1
        D:3 |     135 |      81 |  37.5 |      22 |       5 |  18.5
        D:4 |      97 |      13 |  11.8 |       3 |       1 |  25.0
            +---------+---------+-------+---------+---------+-------

Illustrated notes

Table legend:
 A = Kills in this place as a percentage of kills in entire the game.
 B = Kills by you in this place as a percentage of kills by you in the entire game.
 C = Kills by friends in this place as a percentage of kills by friends in the entire game.
 D = Other kills in this place as a percentage of other kills in the entire game.
 E = Experience gained in this place as a percentage of experience gained in the entire game.
 F = Experience gained in this place divided by the number of levels of this place that you have seen.
                   A       B       C       D       E      F
               +-------+-------+-------+-------+-------+----------------------
         Total | 100.0 | 100.0 | 100.0 | 100.0 | 100.0 | 124.5
       Dungeon | 100.0 | 100.0 | 100.0 | 100.0 | 100.0 | 124.5
               +-------+-------+-------+-------+-------+----------------------

Table legend: (Time is in decaauts)
 A = Elapsed time spent in this place.
 B = Non-inter-level travel time spent in this place.
 C = Inter-level travel time spent in this place.
 D = Time resting spent in this place.
 E = Time spent auto-exploring this place.
 F = Levels seen in this place.
 G = Mean time per level.
                   A        B        C        D        E       F      G
               +--------+--------+--------+--------+--------+-----+--------+
         Total |   6276 |   6010 |    266 |   1096 |   4078 |   4 | 1569.0 |
       Dungeon |   6276 |   6010 |    266 |   1096 |   4078 |   4 | 1569.0 |
               +--------+--------+--------+--------+--------+-----+--------+

Top non-repeatable levels by time:
     D:3: 2675 daAuts
     D:2: 2153 daAuts
     D:1: 1086 daAuts
     D:4: 360 daAuts
